[Event "Team 45 45 League T28"]
[Site "Free Internet Chess Server"]
[Date "PDT.10.0"]
[Round "4"]
[White "wekabird"]
[Black "rgadoury"]
[Result "0-1"]
[WhiteElo "1496"]
[BlackElo "1352"]
[TimeControl "2700+45"]

1. d4 d5 2. h3 Nf6 3. Nf3 Bf5 4. e3 e6 5. Bd3 Bxd3 6. Qxd3 Nbd7 7. a3 a6 8. c3 Be7 9. O-O O-O 10. Re1 Ne4 11. Nbd2 Ndf6 12. Qc2 b5 13. Nxe4 Nxe4 14. Nd2 Nxd2 15. Bxd2 f5 16. b3 c5 17. dxc5 Bxc5 18. b4 Bb6 19. a4 Qd6 20. a5 Bc7 21. f4 g5 22. Bc1 Rf6 23. Qf2 Rg6 24. Bd2 Kf7 25. Rad1 Qe7 26. Qf3 Rh8 27. c4 bxc4 28. Bc3 Rhg8 29. Qe2 gxf4 30. exf4 Bxf4 31. Qf3 Qc7 32. Re2 Rg5 33. Rd4 Bh2+ 34. Kf1 Qg3 35. Rd3 cxd3 36. Re3 Qxf3+ 37. Rxf3 Rxg2 38. Bd4 d2 39. Rd3 R8g3 40. Be3 Rxe3 41. Rxe3 Rg1+ 42. Ke2 d1=Q+ 43. Kf2 Qf1#   {White checkmated} 0-1

[Event "Team 45 45 League T28"]
[Site "Free Internet Chess Server"]
[Date "PDT.10.0"]
[Round "4"]
[White "Kamalleo"]
[Black "DavidPayne"]
[Result "0-1"]
[WhiteElo "1290"]
[BlackElo "1354"]
[TimeControl "2700+45"]

1. d4 e6 2. c4 d5 3. e3 c5 4. Nf3 cxd4 5. Nxd4 dxc4 6. Qa4+ Bd7 7. Qxc4 e5 8. Nb5 Bxb5 9. Qxb5+ Qd7 10. Qxe5+ Qe7 11. Bb5+ Nc6 12. Qd5 Rc8 13. O-O Nf6 14. Qc4 a6 15. Bxa6 bxa6 16. Qxa6 Rc7 17. Rd1 Na7 18. b3 Rc6 19. Qd3 Nc8 20. Ba3 Qd7 21. Bxf8 Qxd3 22. Rxd3 Rc1+ 23. Rd1 Rxd1#   {White checkmated} 0-1

[Event "Team 45 45 League T28"]
[Site "Free Internet Chess Server"]
[Date "PDT.10.0"]
[Round "4"]
[White "shipwrecked"]
[Black "blkmagic"]
[Result "0-1"]
[WhiteElo "1327"]
[BlackElo "1100"]
[TimeControl "2700+45"]

1. e4 e5 2. Nf3 Nf6 3. Nc3 Bb4 4. Nxe5 Nc6 5. d4 Nxe4 6. Bc4 Nxe5 7. dxe5 Nxc3 8. bxc3 Bxc3+ 9. Bd2 Bxa1 10. Qxa1 O-O 11. O-O d5 12. Bd3 c6 13. Qd4 Qb6 14. Qh4 h6 15. Kh1 Re8 16. f4 f5 17. Qh5 Bd7 18. h3 c5 19. c4 Qb2 20. Bc1 Qxa2 21. g4 fxg4 22. hxg4 dxc4 23. Be4 Qe2 24. Bg2 Bc6 25. Rg1 Rad8 26. Qg6 Bxg2+ 27. Rxg2 Rd1+ 28. Kh2 Qf1 29. Bb2 Qh1+ 30. Kg3 Rd3+ 31. Qxd3 cxd3   {White resigns} 0-1

[Event "Team 45 45 League T28"]
[Site "Free Internet Chess Server"]
[Date "PDT.10.0"]
[Round "4"]
[White "chesstalker"]
[Black "alfreale"]
[Result "0-1"]
[WhiteElo "1434"]
[BlackElo "1544"]
[TimeControl "2700+45"]

1. e4 e5 2. Nf3 Nc6 3. d4 Nxd4 4. Nxe5 Nc6 5. Nf3 d6 6. Bf4 Bd7 7. Nc3 Nf6 8. Bc4 Qe7 9. Bg5 h6 10. Bxf6 gxf6 11. Nh4 O-O-O 12. Qh5 Rg8 13. Qxf7 Qxf7 14. Bxf7 Rg7 15. Bg6 Be8 16. Bf5+ Kb8 17. O-O-O Bf7 18. Nd5 Bxd5 19. Rxd5 Ne7 20. Rd4 Nxf5 21. exf5 Re7 22. Rhd1 Re2 23. R4d2 Re5 24. g4 Re4 25. f3 Re5 26. Ng6 Ree8 27. Nf4 Re3 28. Rd3 Rde8 29. Ne6 Rxd3 30. Rxd3 Kc8 31. Re3 Kd7 32. Nc5+ dxc5 33. Rxe8 Kxe8 34. Kd2 Kd7 35. Ke3 Kc6 36. Kf4 Bd6+ 37. Ke4 c4 38. h4 b5 39. h5 Kd7 40. g5 fxg5 41. f6 Ke8 42. Kf5 Kf7 43. f4 gxf4 44. Ke4 Kxf6 45. Kf3 Kg5 46. b4 Kxh5 47. c3 Kg5   {White resigns} 0-1

[Event "Team 45 45 League T28"]
[Site "Free Internet Chess Server"]
[Date "2005.10.10"]
[Round "4"]
[White "KlassAct"]
[Black "Dreadtower"]
[Result "1-0"]
[WhiteElo "1411"]
[BlackElo "1331"]
[TimeControl "2700+45"]

1. e4 c5 2. Bc4 e6 3. Nc3 Be7 4. Nf3 d6 5. d4 Nf6 6. O-O O-O 7. e5 dxe5 8. dxe5 Qxd1 9. Rxd1 Nfd7 10. Bf4 a6 11. a4 Nc6 12. Rd2 Nb6 13. Be2 Nd7 14. Ne4 f6 15. exf6 Nxf6 16. Nxf6+ Bxf6 17. Bd6 Rd8 18. Bxc5 Rxd2 19. Nxd2 Bxb2 20. Rd1 b5 21. axb5 axb5 22. Bxb5 Ra1 23. Rxa1 Bxa1 24. Bxc6 e5 25. c4 g6 26. Bd6 Bf5 27. Bd5+ Kg7 28. c5 Kf6 29. c6 Bc3 30. Ne4+ Bxe4 31. Bxe4 Ke6 32. Bb8 Ba5 33. c7 Bxc7 34. Bxc7 Kf6 35. Kf1 Kg5 36. Bxe5 h5 37. f4+ Kh6 38. h4 Kh7 39. Ke2 Kh6 40. Kd3 Kh7 41. Kd4 Kh6 42. Kd5 Kh7 43. Ke6 Kh6 44. Kf7 Kh7 45. Bxg6+   {Black resigns} 1-0

[Event "Team 45 45 League T28"]
[Site "Free Internet Chess Server"]
[Date "PDT.10.0"]
[Round "4"]
[White "nasmichael"]
[Black "jerryrab"]
[Result "0-1"]
[WhiteElo "1324"]
[BlackElo "1342"]
[TimeControl "2700+45"]

1. e4 c5 2. Nf3 a6 3. c3 Nc6 4. d4 e6 5. Be2 Nf6 6. Bg5 Be7 7. Nbd2 O-O 8. Bf4 d5 9. e5 Nh5 10. Be3 g6 11. h3 c4 12. Bh6 Re8 13. Nf1 f6 14. Ng3 Ng7 15. exf6 Bxf6 16. h4 Nf5 17. Nxf5 exf5 18. Ng5 Bg7 19. Bxg7 Kxg7 20. Qd2 f4 21. Qxf4 Bf5 22. O-O-O Rxe2 23. Rhe1 Rc2+ 24. Kb1 Rxf2+ 25. Ka1 Rxf4 26. Ne6+ Bxe6 27. Rxe6 Rxh4 28. a3 Na5 29. Rde1 Re4   {White resigns} 0-1

[Event "Team 45 45 League T28"]
[Site "Free Internet Chess Server"]
[Date "PDT.10.0"]
[Round "4"]
[White "EyeAm"]
[Black "zandree"]
[Result "1-0"]
[WhiteElo "1344"]
[BlackElo "1273"]
[TimeControl "2700+45"]

1. e4 e5 2. Nf3 Nf6 3. Bc4 Bc5 4. Nc3 Ng4 5. O-O Nxf2 6. Rxf2 Bxf2+ 7. Kxf2 Nc6 8. d4 d6 9. dxe5 Be6 10. Bxe6 fxe6 11. Bg5 Qd7 12. exd6 cxd6 13. Qd2 h6 14. Be3 O-O 15. Kg1 e5 16. Nb5 Rf6 17. Rd1 Qe6 18. Nc7 Qxa2 19. Nxa8 Qxb2 20. Nc7 Qa2 21. Qd5+ Qxd5 22. Nxd5 Rg6 23. Nh4 Rg4 24. Nf5 Rxe4 25. Nxd6 Ra4 26. Nxb7 Ra2 27. c4 Rc2 28. Rc1 Rb2 29. Nd6 Nd4 30. Bxd4 exd4 31. Rd1 Rc2 32. Kf1 Kh7 33. Rxd4 Rc1+ 34. Ke2 Rh1 35. h3 a5 36. Rd1 Rxd1 37. Kxd1 a4 38. Kc1 a3 39. Kb1 g5 40. Ka2 h5 41. Kxa3 g4 42. Kb4 Kh6 43. c5 Kg5 44. hxg4 Kxg4 45. c6 h4 46. c7 Kg3 47. c8=Q Kxg2 48. Qg8+ Kh2 49. Nf4 Kh1 50. Qg2#   {Black checkmated} 1-0

[Event "Team 45 45 League T28"]
[Site "Free Internet Chess Server"]
[Date "2005.10.10"]
[Round "4"]
[White "bahus"]
[Black "Nemisis"]
[Result "0-1"]
[WhiteElo "1868"]
[BlackElo "1867"]
[TimeControl "2700+45"]

1. e4 c5 2. d4 cxd4 3. c3 dxc3 4. Nxc3 Nc6 5. Nf3 d6 6. Bc4 e6 7. O-O Nf6 8. Qe2 a6 9. Rd1 Qc7 10. Bf4 Be7 11. Rac1 O-O 12. Bb3 Qa5 13. Bxd6 Bxd6 14. Rxd6 Rd8 15. Rcd1 Rxd6 16. Rxd6 Qc7 17. Qd2 b5 18. Qd3 Ne8 19. e5 Nxe5 20. Nxe5 Qxd6 21. Qe4 Rb8 22. Ng4 f5 23. Qxf5 Qe7 24. Qe5 Rb7 25. Ne4 Rc7 26. Qf4 Qf7 27. Qe3 Qf5 28. f3 h5 29. Ngf2 Nf6 30. Qd2 Nd5 31. Nd3 Rd7 32. Ndc5 Rd8 33. Qa5 Rf8 34. Nxa6 Bxa6 35. Qxa6 b4 36. Nc5 Qb1+ 37. Kf2 Qxb2+ 38. Kg3 Qe5+ 39. Kf2 Qd4+ 40. Kg3 h4+ 41. Kh3 Nf4+ 42. Kxh4 Ng6+ 43. Kg5 Qh4+   {White resigns} 0-1

[Event "Team 45 45 League T28"]
[Site "Free Internet Chess Server"]
[Date "PDT.10.0"]
[Round "4"]
[White "MStav"]
[Black "javamanissa"]
[Result "0-1"]
[WhiteElo "1685"]
[BlackElo "1798"]
[TimeControl "2700+45"]

1. d4 d5 2. Nf3 Bf5 3. c4 c6 4. e3 h6 5. Nc3 Nf6 6. Bd3 Bg4 7. cxd5 cxd5 8. Qa4+ Bd7 9. Bb5 Bxb5 10. Qxb5+ Qd7 11. Ne5 Qxb5 12. Nxb5 Na6 13. Bd2 Nd7 14. Nd3 Kd8 15. Ke2 Nc7 16. Nxc7 Kxc7 17. Rac1+ Kb6 18. Rc3 g5 19. Rhc1 a6 20. Rc7 Rd8 21. a4 e6 22. R1c3 Bd6 23. a5+ Ka7 24. Ne5 Nxe5 25. dxe5 Bxe5 26. Rxf7 Bxc3 27. Bxc3 Rhe8 28. Bd4+ Ka8 29. Rh7 e5 30. Bc3 d4 31. Bd2 Re6 32. e4 Rf8 33. Rc7 Kb8 34. Rc1 Rc6 35. f3 Rfc8 36. Rxc6 bxc6 37. Kd3 Kc7 38. Kc4 Rb8 39. b3 Rg8 40. g3 Kd6 41. Bb4+ Ke6 42. Kd3 Rb8 43. Kc4 h5 44. Bd2 g4 45. f4 exf4 46. gxf4 h4 47. b4 g3 48. hxg3 h3 49. g4 h2 50. f5+ Ke5   {White resigns} 0-1

[Event "Team 45 45 League T28"]
[Site "Free Internet Chess Server"]
[Date "2005.10.14"]
[Round "4"]
[White "LLIAMAH"]
[Black "Rockazb"]
[Result "0-1"]
[WhiteElo "1743"]
[BlackElo "1742"]
[TimeControl "2700+45"]

1. e4 c5 2. Nf3 d6 3. d4 cxd4 4. Nxd4 Nf6 5. Nc3 a6 6. Bc4 e6 7. a3 b5 8. Ba2 Qc7 9. O-O Bb7 10. f3 Nc6 11. Be3 Be7 12. Qd3 Ne5 13. Qd2 Nc4 14. Bxc4 bxc4 15. Kh1 O-O 16. Qf2 d5 17. exd5 Nxd5 18. Nxd5 Bxd5 19. f4 Qb7 20. c3 Rab8 21. f5 Qxb2 22. Qg3 Bd6 23. Qg4 Qxc3 24. Nxe6 Bxg2+ 25. Qxg2 fxe6 26. Bf4 Bxf4 27. fxe6 Rb2 28. Qe4 Rxh2+ 29. Kg1 Qg3+ 30. Qg2 Qxg2#   {White checkmated} 0-1

[Event "Team 45 45 League T28"]
[Site "Free Internet Chess Server"]
[Date "PDT.10.0"]
[Round "4"]
[White "twinders"]
[Black "jjgsmm"]
[Result "1/2-1/2"]
[WhiteElo "1650"]
[BlackElo "1622"]
[TimeControl "2700+45"]

1. d4 d5 2. Nf3 Nc6 3. c4 e6 4. Nc3 Nf6 5. Bg5 Be7 6. cxd5 Nxd5 7. Nxd5 Qxd5 8. Bxe7 Nxe7 9. e3 Qa5+ 10. Qd2 Qxd2+ 11. Nxd2 Nd5 12. Bc4 b6 13. Bb5+ Ke7 14. Bc6 Rb8 15. O-O Nb4 16. Be4 Nd5 17. Rfc1 Kd7 18. Nf3 f6 19. a3 Bb7 20. Nd2 a6 21. Rc2 g6 22. Rac1 Rhc8 23. Bf3 a5 24. Nb1 Ba6 25. Bxd5 exd5 26. Rc6 f5 27. Rf6 Rf8 28. Rxf8 Rxf8 29. Nc3 Kd6 30. Nb1 Rc8 31. Nd2 c5 32. b3 c4 33. bxc4 Bxc4 34. f3 b5 35. e4 fxe4 36. fxe4 dxe4 37. Nxe4+ Ke6 38. Kf2 Rf8+ 39. Ke3 h6 40. a4 Rf1 41. Rxf1 Bxf1 42. axb5 Bxb5 43. Nc3 Bc6 44. g3 a4 45. d5+ Bxd5 46. Nxa4 Kf5 47. h4 Kg4 48. Kf2 Kh3 49. Nc3 Bc6 50. Ne2 g5 51. hxg5 hxg5 52. Nd4 Bd5   {Game drawn by mutual agreement} 1/2-1/2

[Event "Team 45 45 League T28"]
[Site "Free Internet Chess Server"]
[Date "PDT.10.0"]
[Round "4"]
[White "threeNT"]
[Black "TGV"]
[Result "1-0"]
[WhiteElo "1739"]
[BlackElo "1743"]
[TimeControl "2700+45"]

1. e4 e6 2. d4 d5 3. Nc3 Bb4 4. e5 c5 5. a3 cxd4 6. axb4 dxc3 7. Nf3 Qc7 8. Qd4 cxb2 9. Bxb2 Ne7 10. Bd3 Nbc6 11. Qg4 Ng6 12. b5 Ncxe5 13. Nxe5 Nxe5 14. Qxg7 Nxd3+ 15. cxd3 Rf8 16. O-O b6 17. Ba3 Bb7 18. Qxf8+ Kd7 19. Qxf7+ Kd8 20. Qf8+ Kd7 21. Qe7+   {Black resigns} 1-0

[Event "Team 45 45 League T28"]
[Site "Free Internet Chess Server"]
[Date "PDT.10.0"]
[Round "4"]
[White "Pawns"]
[Black "FusterCluck"]
[Result "0-1"]
[WhiteElo "1739"]
[BlackElo "1636"]
[TimeControl "2700+45"]

1. e4 c6 2. d4 d5 3. exd5 cxd5 4. c4 e6 5. c5 Nc6 6. Nf3 g6 7. Bb5 Bd7 8. O-O Bg7 9. Be3 Nge7 10. Nc3 O-O 11. a3 Nf5 12. b4 Nxe3 13. fxe3 a6 14. Bd3 e5 15. Nxd5 exd4 16. exd4 Nxd4 17. Kh1 Nxf3 18. Qxf3 Bxa1 19. Rxa1 Bc6 20. Bc4 Qg5 21. Rd1 Rad8 22. a4 Bxd5 23. Bxd5 Qe7 24. Qc3 Rd7 25. Re1 Qd8 26. Bf3 Qc7 27. a5 Rfd8 28. g3 Rd3 29. Qf6 Qd7 30. Re7 Rd1+ 31. Bxd1 Qxd1+ 32. Kg2 Rd2+ 33. Kh3 Qh5+ 34. Qh4 Qf5+ 35. g4 Qf1+ 36. Kg3 Rd3+ 37. Re3 Rxe3#   {White checkmated} 0-1

[Event "Team 45 45 League T28"]
[Site "Free Internet Chess Server"]
[Date "PDT.10.0"]
[Round "4"]
[White "thelovegambit"]
[Black "MGoo"]
[Result "0-1"]
[WhiteElo "1616"]
[BlackElo "1731"]
[TimeControl "2700+45"]

1. d4 Nf6 2. c4 e6 3. Nf3 b6 4. Nc3 Bb4 5. e3 Ne4 6. Bd2 Bxc3 7. Bxc3 Bb7 8. Bd3 f5 9. O-O O-O 10. Bb4 d6 11. Qc2 Nd7 12. Nd2 c5 13. Ba3 Nxd2 14. Qxd2 Qg5 15. f3 cxd4 16. Bxd6 dxe3 17. Qe2 e5 18. Bxf8 Rxf8 19. Bc2 Nc5 20. Rad1 Ne6 21. Rfe1 Nf4 22. Qf1 Nh3+ 23. Kh1 Nf2+ 24. Kg1 Bxf3 25. Rd7 f4 26. c5 Bc6 27. Bb3+ Kh8 28. Rxa7 bxc5 29. Re2 Bb5 30. Qe1 Bxe2 31. Qxe2 f3   {White resigns} 0-1

[Event "Team 45 45 League T28"]
[Site "Free Internet Chess Server"]
[Date "2005.10.10"]
[Round "4"]
[White "Galleta"]
[Black "CleverBanana"]
[Result "1-0"]
[WhiteElo "1603"]
[BlackElo "1604"]
[TimeControl "2700+45"]

1. e4 c5 2. Nf3 g6 3. d4 cxd4 4. Qxd4 Nf6 5. Nc3 Nc6 6. Qa4 Bg7 7. e5 Ng8 8. Bf4 e6 9. O-O-O Nge7 10. Ne4 Qb6 11. Nf6+ Bxf6 12. exf6 Nd5 13. Bh6 Qxf2 14. Qa3 Rg8 15. Bb5 Nxf6 16. Bg5 Nd5 17. Rxd5 Qxg2 18. Rg1   {Black resigns} 1-0

[Event "Team 45 45 League T28"]
[Site "Free Internet Chess Server"]
[Date "PDT.10.0"]
[Round "4"]
[White "nitedozer"]
[Black "Sportsmen"]
[Result "0-1"]
[WhiteElo "1904"]
[BlackElo "2209"]
[TimeControl "2700+45"]

1. g3 e5 2. c4 Nc6 3. Bg2 g6 4. Nc3 Bg7 5. Nf3 d6 6. O-O Be6 7. b3 h6 8. e4 Qd7 9. Re1 Nge7 10. d3 f5 11. Nd5 O-O 12. Bb2 f4 13. Qd2 g5 14. d4 g4 15. Nh4 Bxd5 16. exd5 Nxd4 17. Bxd4 exd4 18. Rxe7 Qxe7 19. Ng6 Qg5 20. Nxf8 Rxf8 21. gxf4 Rxf4 22. Re1 Be5 23. Qd3 a6 24. Kf1 Rf6 25. h3 Qf4 26. Re2 h5 27. Qd2 gxh3 28. Bxh3 Qg3 29. Be6+ Kh7 30. f3 h4 31. Qd3+ Kh8 32. Bg4 h3   {White resigns} 0-1

[Event "Team 45 45 League T28"]
[Site "Free Internet Chess Server"]
[Date "PDT.10.0"]
[Round "4"]
[White "Louro"]
[Black "noHz"]
[Result "1-0"]
[WhiteElo "1959"]
[BlackElo "1889"]
[TimeControl "2700+45"]

1. e4 e5 2. Nf3 Nf6 3. Nxe5 d6 4. Nf3 Nxe4 5. d4 d5 6. Bd3 Be7 7. O-O Nc6 8. c4 Nf6 9. Nc3 O-O 10. Re1 Be6 11. c5 Bg4 12. Be3 Re8 13. a3 Bf8 14. h3 Bh5 15. g4 Bg6 16. Bxg6 hxg6 17. Qd3 Ne4 18. Bf4 Nxc3 19. Qxc3 Qd7 20. Qd3 Be7 21. b4 a6 22. Ra2 Bf6 23. Rae2 Rxe2 24. Rxe2 Re8 25. Rxe8+ Qxe8 26. Bxc7 Qe4 27. Qxe4 dxe4 28. Nd2 Bxd4 29. Nxe4 Bb2 30. a4 Nxb4 31. Nd6 Bd4 32. Nxb7 Kf8 33. Kf1 Ke8 34. Ke2 Kd7 35. Bd6 Nc6 36. Bg3 Nb4 37. f3 f5 38. Bd6 Nc6 39. Kd3 Bf6 40. Bg3 Be5 41. Be1 Bc7 42. Bc3 Ne5+ 43. Bxe5 Bxe5 44. Kc4 fxg4 45. fxg4 Kc7 46. c6 g5 47. Kd5 Bc3 48. Nc5 Kb6 49. Ne4 Be1 50. Kd6   {Black resigns} 1-0

[Event "Team 45 45 League T28"]
[Site "Free Internet Chess Server"]
[Date "2005.10.11"]
[Round "4"]
[White "wester"]
[Black "Nemisis"]
[Result "1/2-1/2"]
[WhiteElo "1889"]
[BlackElo "1875"]
[TimeControl "2700+45"]

1. Nf3 Nf6 2. c4 e6 3. Nc3 b6 4. e4 Bb7 5. e5 Ne4 6. Nxe4 Bxe4 7. a3 Nc6 8. d4 d5 9. Be3 Be7 10. Rc1 O-O 11. Be2 f5 12. Qd2 Bxf3 13. Bxf3 f4 14. Bxf4 Rxf4 15. Qxf4 Bg5 16. Qg4 Nxd4 17. Rd1 Nxf3+ 18. Qxf3 c6 19. O-O Qe7 20. cxd5 cxd5 21. Rc1 Bxc1 22. Rxc1 Qg5 23. Qc3 Rf8 24. Qc7 Qd2 25. f3 Qxb2 26. Rc6 Qxa3 27. Rxe6 Qe3+ 28. Kf1 Qd3+ 29. Ke1 Qe3+ 30. Kf1 Qd3+ 31. Ke1 Qe3+ 32. Kf1   {Game drawn by repetition} 1/2-1/2

[Event "Team 45 45 League T28"]
[Site "Free Internet Chess Server"]
[Date "PDT.10.0"]
[Round "4"]
[White "Pawns"]
[Black "nham"]
[Result "0-1"]
[WhiteElo "1729"]
[BlackElo "1863"]
[TimeControl "2700+45"]

1. e4 e5 2. Nf3 Nc6 3. Bb5 f5 4. Nc3 fxe4 5. Nxe4 Nf6 6. Qe2 d5 7. Nxf6+ gxf6 8. d4 Bg7 9. dxe5 O-O 10. e6 Re8 11. O-O Bxe6 12. Bxc6 bxc6 13. Nd4 Bd7 14. Qf3 Re4 15. Be3 Qe7 16. c3 Kh8 17. Rfe1 Bg4 18. Qg3 c5 19. Nb3 Re8 20. h3 Bc8 21. Nxc5 Re5 22. Nd3 Re4 23. Bd2 Qf7 24. Qf3 f5 25. Nc5 Rxe1+ 26. Rxe1 Rg8 27. Qe3 Bf6 28. Nd3 c6 29. Ne5 Qg7 30. g3 c5 31. Nd3 d4 32. cxd4 Bxd4 33. Qf4 Qxg3+   {White resigns} 0-1

[Event "Team 45 45 League T28"]
[Site "Free Internet Chess Server"]
[Date "PDT.10.0"]
[Round "4"]
[White "AlefZero"]
[Black "errorfreeerrorlog"]
[Result "1-0"]
[WhiteElo "2131"]
[BlackElo "2033"]
[TimeControl "2700+45"]

1. e4 e5 2. Nf3 Nc6 3. d4 exd4 4. Nxd4 Bc5 5. Be3 Qf6 6. Nb5 Bxe3 7. fxe3 Qh4+ 8. g3 Qd8 9. Qg4 g5 10. N1c3 d6 11. Qh5 a6 12. Nd4 Ne5 13. Be2 h6 14. O-O Nf6 15. Rxf6 Qxf6 16. Nd5 Qd8 17. Rf1 c5 18. Nf5 Bxf5 19. Rxf5 Qa5 20. Nf6+ Kd8 21. Rxe5 dxe5 22. Qxf7 Qc7 23. Qe6 Qe7 24. Qb6+ Qc7 25. Qe6 Qc6 26. Qxe5 Rf8 27. Nd5 Re8 28. Qf5 Qd6 29. Bg4 Rb8 30. a4 Re5 31. Qh7 b5 32. a5 b4 33. Nb6 Re7 34. Qf5 Re5 35. Qh7 Qe6   {Black resigns} 1-0

[Event "Team 45 45 League T28"]
[Site "Free Internet Chess Server"]
[Date "2005.10.15"]
[Round "4"]
[White "smallblackcat"]
[Black "ryoshu"]
[Result "0-1"]
[WhiteElo "1879"]
[BlackElo "1893"]
[TimeControl "2700+45"]

1. e4 e5 2. f4 exf4 3. Bc4 d5 4. Bxd5 Nf6 5. Nc3 Bg4 6. Nf3 Nxd5 7. Nxd5 g5 8. O-O c6 9. Nc3 Bg7 10. d3 O-O 11. Kh1 Nd7 12. Qe1 Qf6 13. d4 Rae8 14. e5 Qg6 15. g3 Qh5 16. Qf2 f6 17. gxf4 fxe5 18. dxe5 gxf4 19. Ne2 Nxe5 20. Nfd4 Ng6 21. Nxf4 Nxf4   {White resigns} 0-1

[Event "Team 45 45 League T28"]
[Site "Free Internet Chess Server"]
[Date "PDT.10.0"]
[Round "4"]
[White "Ajmdemen"]
[Black "maeck"]
[Result "1-0"]
[WhiteElo "1899"]
[BlackElo "1901"]
[TimeControl "2700+45"]

1. e4 c5 2. Nf3 e6 3. c3 d5 4. e5 d4 5. Bd3 Nc6 6. O-O Nge7 7. Be4 Nd5 8. Na3 g5 9. Nc4 g4 10. Ne1 f5 11. exf6 Nxf6 12. Bxc6+ bxc6 13. Qa4 Qc7 14. Nd3 Bd6 15. Nxd6+ Qxd6 16. Re1 g3 17. hxg3 Ng4 18. Qc4 O-O 19. Qxc5 Qxc5 20. Nxc5 Rxf2 21. Re4 e5 22. Rxg4+ Bxg4 23. Kxf2 Rf8+ 24. Ke1 e4 25. cxd4 Rd8 26. Nxe4 Bf5 27. d3 Rxd4 28. Ke2 Bxe4 29. dxe4 Rxe4+ 30. Be3 Kf7 31. Rc1 Re6 32. Kd3 a6 33. Rc4 Rd6+ 34. Ke4 Re6+ 35. Kf3   {Black resigns} 1-0